 Dungeon Crawl Stone Soup version 0.29.1-12-g30fa7ad0bf (webtiles) character file.

Game seed: 1081158397319208664

48 nachturnus the Insei (level 3, 0/28 HPs)
             Began as a Gnoll Transmuter on Dec 31, 2022.
             Succumbed to an adder's poison
             ... on level 2 of the Dungeon.
             The game lasted 00:07:22 (1718 turns).

nachturnus the Insei (Gnoll Transmuter)             Turns: 1718, Time: 00:07:23

Health: 0/28       AC:  2    Str: 11    XL:     3   Next: 72%
Magic:  9/9        EV: 13    Int: 12    God:
Gold:   85         SH:  5    Dex: 12    Spells: 9/12 levels left

rFire   . . .      SeeInvis .   d - +0 hand axe
rCold   . . .      Faith    .   (no shield)
rNeg    . . .      Spirit   .   a - +0 robe
rPois   .          Reflect  +   (no helmet)
rElec   .          Harm     .   (no cloak)
rCorr   .          Rampage  .   (no gloves)
Will    .....                   (no boots)
Stlth   ++........              f - amulet of reflection
HPRegen 0.09/turn               (no ring)
MPRegen 0.11/turn               (no ring)

@: mighty, lethally poisoned (0 -> -3), flying
A: fangs 1, strong nose, distributed training
a: no special abilities


You were on level 2 of the Dungeon.
You visited 1 branch of the dungeon, and saw 2 of its levels.

You collected 85 gold pieces.

Inventory:

Hand Weapons
 c - a +0 spear
 d - a +0 hand axe (weapon)
Armour
 a - a +0 robe (worn)
Jewellery
 f - an amulet of reflection (around neck)
Scrolls
 g - a scroll of amnesia
 i - 2 scrolls of noise {unknown}
Potions
 b - 2 potions of lignification
 h - 3 potions of haste


   Skills:
 + Level 2.6 Fighting
 + Level 1.0 Short Blades
 + Level 1.0 Long Blades
 + Level 1.0 Axes
 + Level 1.0 Maces & Flails
 + Level 1.0 Polearms
 + Level 1.0 Staves
 + Level 1.0 Ranged Weapons
 + Level 1.0 Throwing
 + Level 1.0 Armour
 + Level 4.6 Dodging
 + Level 1.0 Stealth
 + Level 1.0 Shields
 + Level 6.5 Unarmed Combat
 + Level 5.0 Spellcasting
 + Level 0.7 Conjurations
 + Level 0.7 Hexes
 + Level 0.7 Summonings
 + Level 0.7 Necromancy
 + Level 0.7 Translocations
 + Level 3.8 Transmutations
 + Level 0.7 Fire Magic
 + Level 0.7 Ice Magic
 + Level 0.7 Air Magic
 + Level 0.7 Earth Magic
 + Level 0.7 Poison Magic
 + Level 1.0 Invocations
 + Level 1.0 Evocations


You had 9 spell levels left.
You knew the following spells:

 Your Spells              Type           Power      Damage    Failure   Level
a - Beastly Appendage     Tmut           24%        N/A       4%          1
b - Wereblood             Tmut           12%        N/A       6%          2

Your spell library contained the following spells:

 Spells                   Type           Power      Damage    Failure   Level
 Spider Form              Tmut/Pois      8%         N/A       24%         3
 Call Canine Familiar     Summ           4%         N/A       41%         3
 Portal Projectile        Hex/Tloc       8%         N/A       41%         3
 Ice Form                 Ice/Tmut       8%         N/A       61%         4
 Leda's Liquefaction      Hex/Erth       2%         N/A       83%         4


Dungeon Overview and Level Annotations

Branches:
Dungeon (2/15)

Altars:


Innate Abilities, Weirdness & Mutations

You have very sharp teeth.
Your uncanny sense of smell can sniff out nearby items.
Your experience applies equally to all skills.


Message History

You are too injured to fight recklessly!
You are too injured to fight recklessly!
You miss the adder.
The adder is heavily wounded.
You feel sick. The adder bites you. x2
You are lethally poisoned!
The adder poisons you!
You barely miss the adder.
The adder is heavily wounded.
* * * LOW HITPOINT WARNING * * *
You feel very sick. The adder closely misses you.
You barely miss the adder.
The adder is heavily wounded.
* * * LOW HITPOINT WARNING * * *
You feel sick. The adder completely misses you. The adder barely misses you.
You slash the adder!
You kill the adder!
* * * LOW HITPOINT WARNING * * *
You feel sick.
Your Short Blades skill increases to level 1!
Your Long Blades skill increases to level 1!
Your Axes skill increases to level 1!
Your Maces & Flails skill increases to level 1!
Your Polearms skill increases to level 1!
Your Staves skill increases to level 1!
Your Ranged Weapons skill increases to level 1!
Your Throwing skill increases to level 1!
Your Armour skill increases to level 1!
Your Stealth skill increases to level 1!
Your Shields skill increases to level 1!
Your Evocations skill increases to level 1!
It was a potion of might.
You feel very mighty all of a sudden.
* * * LOW HITPOINT WARNING * * *
You feel sick.
It was a potion of flight.
You feel very buoyant.
You fly up into the air.
You die...

....## .#..# ...#
#..### #####....###
#..........
#.......# ##
+.......##..####
#####.......@†....$.
......†.#######..###
#######.# ..# #.# #
#.# #.# #.# #.# #.#


There were no monsters in sight!

Vanquished Creatures
  2 adders (D:2)
  A dart slug (D:2)
  2 giant cockroaches (D:1)
  4 hobgoblins (D:1)
  A kobold (D:1)
  A quokka (D:1)
  4 ball pythons
  4 bats
  3 frilled lizards
  2 goblins (D:1)
  5 rats (D:1)
29 creatures vanquished.

Notes
Turn   | Place    | Note
-------+----------+-------------------------------------------
     0 | D:1      | nachturnus the Gnoll Transmuter began the quest for the
                  | Orb.
     0 | D:1      | Reached XP level 1. HP: 17/17 MP: 6/6
   258 | D:1      | Reached XP level 2. HP: 21/23 MP: 7/7
   536 | D:1      | Learned a level 2 spell: Wereblood
  1240 | D:2      | Reached skill level 5 in Spellcasting
  1240 | D:2      | Reached XP level 3. HP: 27/28 MP: 7/9
  1337 | D:2      | Reached skill level 1 in Invocations
  1717 | D:2      | Reached skill level 1 in Short Blades
  1717 | D:2      | Reached skill level 1 in Long Blades
  1717 | D:2      | Reached skill level 1 in Axes
  1717 | D:2      | Reached skill level 1 in Maces & Flails
  1717 | D:2      | Reached skill level 1 in Polearms
  1717 | D:2      | Reached skill level 1 in Staves
  1717 | D:2      | Reached skill level 1 in Ranged Weapons
  1717 | D:2      | Reached skill level 1 in Throwing
  1717 | D:2      | Reached skill level 1 in Armour
  1717 | D:2      | Reached skill level 1 in Stealth
  1717 | D:2      | Reached skill level 1 in Shields
  1717 | D:2      | Reached skill level 1 in Evocations
  1717 | D:2      | HP: 1/28 [poisoned by an adder]
  1718 | D:2      | Succumbed to an adder's poison

Illustrated notes

Levels and vault maps discovered:
D:1:      minmay_arrival_four_loops, layout_loops_ring
D:2:      layout_basic

Skill      XL: |  1  2  3 |
---------------+----------+-----
Spellcasting   | 5 |  5.0
Invocations    | 1 |  1.0
Short Blades   | 1 |  1.0
Long Blades    | 1 |  1.0
Axes           | 1 |  1.0
Maces & Flails | 1 |  1.0
Polearms       | 1 |  1.0
Staves         | 1 |  1.0
Ranged Weapons | 1 |  1.0
Throwing       | 1 |  1.0
Armour         | 1 |  1.0
Stealth        | 1 |  1.0
Shields        | 1 |  1.0
Evocations     | 1 |  1.0
Fighting       | |  2.6
Dodging        | |  4.6
Unarmed Combat | |  6.5
Conjurations   | |  0.7
Hexes          | |  0.7
Summonings     | |  0.7
Necromancy     | |  0.7
Translocations | |  0.7
Transmutations | |  3.8
Fire Magic     | |  0.7
Ice Magic      | |  0.7
Air Magic      | |  0.7
Earth Magic    | |  0.7
Poison Magic   | |  0.7

Action                   || total
-------------------------++-------
Melee: Hand axe          ||   103
       Spear             ||     6
       Bite              ||    12
       Unarmed           ||     4
       Punch             ||     1
       Kick              ||     3
       Headbutt          ||     2
 Cast: Beastly Appendage ||     3
  Use: Scroll            ||     4
       Potion            ||     3
 Stab: Sleeping          ||     1
Armor: Robe              ||    16
       Skin              ||    11
Dodge: Dodged            ||    67
Block: Other             ||    32
